 Dungeon Crawl Stone Soup version 0.21-a0-184-g9126a74 (webtiles) character file.

39 manbelow the Ruffian (level 3, -6/31 HPs)
             Began as a Ghoul Monk on Aug 11, 2017.
             Mangled by Crazy Yiuf
             ... wielding a +4 quarterstaff of chaos
              (20 damage)
             ... on level 2 of the Dungeon.
             The game lasted 00:03:18 (1309 turns).

manbelow the Ruffian (Ghoul Monk)                   Turns: 1309, Time: 00:03:18

Health: -6/31      AC: 11    Str: 14 (15) XL:     3   Next: 47%
Magic:  2/2        EV:  3    Int:  4 (5)  God:
Gold:   59         SH:  6    Dex: 10 (11) Spells: 2/2 levels left

rFire    . . .     SeeInvis .     - Unarmed
rCold    + . .     Gourm    .   d - +0 buckler (curse)
rNeg     + + +     Faith    .   i - +0 plate armour
rPois    ∞         Spirit   .   (no helmet)
rElec    .         Reflect  +   (no cloak)
rCorr    .         Harm     .   (no gloves)
MR       +....                  k - +0 pair of boots
Stlth    ..........             j - +3 amulet of reflection
HPRegen  0.00/turn              l - ring of protection from magic
MPRegen  0.08/turn              (no ring)

@: rotting
A: rotting body, claws 1, carnivore 3, cold resistance 1, negative energy
resistance 3, inhibited regeneration, torment resistance, unbreathing
a: no special abilities


You were on level 2 of the Dungeon.
You were not hungry.

You visited 1 branch of the dungeon, and saw 2 of its levels.

You collected 59 gold pieces.

Inventory:

Missiles
 p - 11 stones (quivered)
Armour
 a - a +0 robe
 d - a cursed +0 buckler (worn)
 i - a +0 plate armour (worn)
 k - a +0 pair of boots (worn)
Jewellery
 j - a +3 amulet of reflection (around neck)
 l - a ring of protection from magic (left claw)
 m - an uncursed amulet of regeneration {unknown}
Scrolls
 c - 2 scrolls of identify {unknown}
 h - a scroll of amnesia {unknown}
 n - a scroll of magic mapping {unknown}
Potions
 e - a potion of curing
 f - a potion of degeneration
Books
 q - a book of Misfortune

   Spells                             Type                      Level
   a - Confusing Touch                Hexes                        1
   b - Confuse                        Hexes                        3
   c - Gell's Gravitas                Translocation                3
   d - Petrify                        Transmutation/Earth          4
   e - Metabolic Englaciation         Hexes/Ice                    5
   f - Yara's Violent Unravelling     Hexes/Transmutation          5
Comestibles
 b - a meat ration
 g - a royal jelly


   Skills:
 + Level 3.6 Fighting
 - Level 0.8 Armour
 - Level 2.6 Dodging
 - Level 2.1 Stealth
 * Level 4.3 Unarmed Combat


You had 2 spell levels left.
You didn't know any spells.

Dungeon Overview and Level Annotations

Branches:
Dungeon (2/15)

Altars:
Xom

Annotations:
D:2 Crazy Yiuf


Innate Abilities, Weirdness & Mutations

Your body is rotting away.
You thrive on raw meat.
You are immune to poison.
You have sharp fingernails.
You are carnivorous and can eat meat at any time.
Your flesh is cold resistant. (rC+)
You are immune to negative energy. (rN+++)
You do not regenerate when monsters are visible.
You are immune to unholy pain and torment.
You can survive without breathing.


Message History

Crazy Yiuf laughs, "Shadow bag rumpyflump!"
All of the chunks of flesh in your inventory have rotted away.
Okay, then.
Okay, then.
You aren't carrying any items that you can evoke.
Unknown command.
Crazy Yiuf whimpers, "Tonal head disdain!"
Crazy Yiuf screams, "Mama!
Nubble illywillydillykilly horse."
Crazy Yiuf says, "Seed!"
Crazy Yiuf screams, "Mugger testudinal childish!"
Crazy Yiuf screams, "Sif Muna ladder canine!"
There is an open door here.
Crazy Yiuf grits, "Peeping ena arga!"
Unknown command.
Crazy Yiuf says, "Rot!"
Crazy Yiuf laughs, "Hack childish ladder!"
Crazy Yiuf hits you with a quarterstaff of chaos.
You are electrocuted!
Ouch! That really hurt!
You die...

.#.#.###.###.##.......# #.....
......................# #.^^^.
.........##..#..##....# #.^_^.
>....#...###.......#### ####.^.^.
.............#<.#### .........
...#####.###.#..######..........#
....................>#..........#
.................###.#..........#
#...............@.##.#..........#
.........###....g..#.#...)......#
.........# #.......#.#..........#
........# #.......#.#..........#
........# #.###...#.#..........#
........# #.# #.....#..........#
........# #.# ###.#.##'###......
.######## #.#####...##.###.#####
#........)....##.#


You could see Crazy Yiuf.

Vanquished Creatures
  2 dart slugs (D:1)
  A giant cockroach (D:1)
  4 goblins
  9 hobgoblins
  2 jackals (D:2)
  5 kobolds (D:1)
  A ball python (D:2)
  5 bats
  A frilled lizard (D:1)
  A rat (D:1)
31 creatures vanquished.

Notes
Turn   | Place    | Note
-------+----------+-------------------------------------------
     0 | D:1      | manbelow the Ghoul Monk began the quest for the Orb.
     0 | D:1      | Reached XP level 1. HP: 19/19 MP: 0/0
   103 | D:1      | Reached XP level 2. HP: 23/26 MP: 1/1
   372 | D:1      | Reached skill level 4 in Unarmed Combat
   496 | D:1      | Reached XP level 3. HP: 26/31 MP: 2/2
   919 | D:2      | Found a shimmering altar of Xom.
  1019 | D:2      | Found a runed door.
  1209 | D:2      | Noticed Crazy Yiuf
  1309 | D:2      | Mangled by Crazy Yiuf

Vault maps used:
D:1:      minmay_arrival_four_circles
D:2:      xom_teletrap_fun, due_unseen_surprise, uniq_crazy_yiuf_cottage

Skill      XL: |  1  2 |
---------------+-------+-----
Unarmed Combat | 4 |  4.3
Fighting       | |  3.6
Armour         | |  0.8
Dodging        | |  2.6
Stealth        | |  2.1

Action                   || total
-------------------------++-------
Melee: Unarmed           ||   108
       Punch             ||     2
Throw: Stone             ||     2
  Use: Potion            ||     2
 Stab: Sleeping          ||     3
  Eat: Chunk             ||     7
Armor: Robe              ||     3
       Plate armour      ||    57
Dodge: Dodged            ||    21
Block: Buckler           ||     9
       Other             ||     1
       Reflection        ||     1
